 Dungeon Crawl Stone Soup version 0.31.0-32-g396128a36d (webtiles) character file.

Game seed: 12486863981203591959

4 Doomgape the Trooper (level 1, 0/14 HPs)
             Began as a Gargoyle Berserker on Mar 23, 2024.
             Was a Follower of Trog.
             Slain by a ball python (1 damage)
             ... on level 1 of the Dungeon.
             The game lasted 00:00:17 (78 turns).

Doomgape the Trooper (Gargoyle Berserker)             Turns: 78, Time: 00:00:17

Health: 0/14       AC:  4    Str: 20    XL:     1   Next: 70%
Magic:  1/1        EV:  8    Int:  7    God:    Trog [*.....]
Gold:   33         SH:  0    Dex:  9    Spells: 0/0 levels left

rFire   . . .        a - +0 mace
rCold   . . .        (no shield)
rNeg    + . .        b - +0 animal skin
rPois   ∞            (no helmet)
rElec   +            (no cloak)
rCorr   .            (no gloves)
SInv    .            (no boots)
Will    .....        (no amulet)
Stlth   +            (no ring)
HPRegen 0.22/turn    (no ring)
MPRegen 0.07/turn

%: no passive effects
@: constricted
A: sickness immunity, AC +2, negative energy resistance 1, electricity
resistance, torment resistance 1, petrification resistance
a: Renounce Religion, Berserk


You were on level 1 of the Dungeon.
You worshipped Trog.
Trog was aware of your devotion.
You visited 1 branch of the dungeon, and saw 1 of its levels.

You collected 33 gold pieces.

Inventory:

Hand Weapons
 a - a +0 mace (weapon)
Armour
 b - a +0 animal skin (worn)
Scrolls
 c - a scroll of torment {unknown}


   Skills:
 + Level 3.4 Fighting
 + Level 3.0 Maces & Flails
 + Level 2.3 Armour
 + Level 1.6 Dodging


You couldn't memorise any spells.
You didn't know any spells.
Your spell library was empty.

Dungeon Overview and Level Annotations

Branches:
Dungeon (1/15)

Altars:


Innate Abilities, Weirdness & Mutations

You are immune to sickness and miasma.
Your stone body is resilient. (AC +2)
You are immune to poison.
You resist negative energy. (rN+)
You are resistant to electric shocks. (rElec)
You are resistant to unholy torment.
You are immune to petrification.


Message History

The giant cockroach is almost dead.
The giant cockroach misses you. The kobold hits you with a +0 dagger.
You sock the giant cockroach!
You kill the giant cockroach!
Trog accepts your kill. The kobold barely misses you.
You closely miss the kobold. The kobold hits you but does no damage.
You miss the kobold.
The kobold hits you but does no damage. x2
You barely miss the kobold. The kobold hits you with a +0 dagger.
You sock the kobold!
You kill the kobold!
Trog accepts your kill. The ball python bites you. The ball python grabs you.
The ball python constricts you.
You closely miss the ball python. The ball python bites you.
The ball python constricts you.
You hit the ball python.
The ball python is moderately wounded.
The ball python bites you but does no damage.
The ball python constricts you. The ball python bites you.
The ball python constricts you.
* * * LOW HITPOINT WARNING * * *
You are too injured to fight recklessly!
You closely miss the ball python. The ball python completely misses you.
The ball python constricts you.
* * * LOW HITPOINT WARNING * * *
You barely miss the ball python. The ball python bites you.
* * * LOW HITPOINT WARNING * * *
The ball python constricts you.
* * * LOW HITPOINT WARNING * * *
The ball python bites you but does no damage.
The ball python constricts you.
* * * LOW HITPOINT WARNING * * *
You aren't carrying any potions.
Unknown command.
You hit the ball python but do no damage.
The ball python bites you but does no damage.
The ball python constricts you.
You closely miss the ball python. The ball python bites you.
You die...

..# ..## ## ......
########### #. .......
#........⌠# #.##.....$
##.§≈≈≈§...# ..#...#
........÷÷÷## ##.S!.##
......<.÷8÷>###.@#...###
..§.....÷÷÷##..........#
##§≈≈§≈≈[..#.......###..
##§§..(...⌠#.......#
.###########.......# .#
#.# ####.......# .#
#.###....#####.# #
.####........####..#.##
......###.##..........#


You could see a ball python.

Vanquished Creatures
  A ball python (D:1)
  An endoplasm (D:1)
  A giant cockroach (D:1)
  A kobold (D:1)
4 creatures vanquished.

Notes
Turn   | Place    | Note
-------+----------+-------------------------------------------
     0 | D:1      | Doomgape the Gargoyle Berserker began the quest for the
                  | Orb.
     0 | D:1      | Reached XP level 1. HP: 14/14 MP: 1/1
    78 | D:1      | Slain by a ball python

Illustrated notes

Levels and vault maps discovered:
D:1:      dreamdust_arrival_sigmund_warning, layout_rooms

Action                     || total
---------------------------++-------
  Melee: Mace              ||    24
 Armour: Animal skin       ||    26
  Dodge: Dodged            ||     9
